2025 views
Uploaded 2023-01-18 00:58:38
Game version 1.32.10
29:04 long 2on2 ladder game on (4)SynergyBigPaved
Saved by GIGA
2025 views
Uploaded 2023-01-18 00:58:38
Game version 1.32.10
29:04 long 2on2 ladder game on (4)SynergyBigPaved


85 units @ 13.5k
/ 2.1k
44 buildings @ 6.1k
/ 2.5k


| Orb of Corruption | 1 | 375 |
| Scroll of Town Portal | 1 | 350 |
| total: | 2 | 725g |
| Acolyte | 5 | 375 | / | 0 |
| Ghoul | 4 | 480 | / | 0 |
| Crypt Fiend | 13 | 2795 | / | 520 |
| Obsidian Statue | 4 | 800 | / | 140 |
| Abomination | 3 | 720 | / | 210 |
| Gargoyle | 2 | 350 | / | 60 |
| total: | 31 | 5520g | / | 930w |
| Nerubian Tower | 3 | 300 | / | 60 |
| Spirit Tower | 5 | 725 | / | 200 |
| Crypt | 2 | 400 | / | 100 |
| Altar of Darkness | 2 | 360 | / | 100 |
| Ziggurat | 9 | 1350 | / | 450 |
| Graveyard | 1 | 215 | / | 0 |
| Tomb of Relics | 1 | 130 | / | 30 |
| Slaughterhouse | 2 | 280 | / | 270 |
| Halls of the Dead | 1 | 320 | / | 210 |
| Black Citadel | 1 | 325 | / | 230 |
| total: | 17 | 2735g | / | 950w |
| 0:06 | Acolyte |
| 0:10 | Crypt |
| 0:13 | Acolyte |
| 0:25 | Altar of Darkness |
| 0:32 | Acolyte |
| 0:38 | Ziggurat |
| 0:58 | Graveyard |
| 1:12 | Ghoul |
| 1:41 | Tomb of Relics |
| 1:48 | Ghoul |
| 2:03 | Crypt |
| 2:22 | Crypt Fiend |
| 2:28 | Death Coil |
| 2:47 | Ziggurat |
| 3:40 | Crypt Fiend |
| 3:54 | Halls of the Dead |
| 4:25 | Crypt Fiend |
| 4:28 | Unholy Aura |
| 5:15 | Ziggurat |
| 5:22 | Creature Attack |
| 5:52 | Nerubian Tower |
| 5:53 | Spirit Tower |
| 6:03 | Death Coil |
| 6:20 | Slaughterhouse |
| 6:28 | Slaughterhouse |
| 6:31 | Ziggurat |
| 6:34 | Ghoul |
| 7:14 | Frost Nova |
| 7:18 | Web |
| 7:58 | Obsidian Statue |
| 8:17 | Crypt Fiend |
| 8:19 | Creature Carapace |
| 8:20 | Crypt Fiend |
| 8:41 | Obsidian Statue |
| 8:42 | Crypt Fiend |
| 8:46 | Crypt Fiend |
| 9:10 | Black Citadel |
| 9:55 | Improved Creature Attack |
| 10:02 | Spirit Tower |
| 10:18 | Frost Armor |
| 10:50 | Nerubian Tower |
| 10:52 | Ziggurat |
| 11:08 | Unholy Aura |
| 11:55 | Crypt Fiend |
| 11:58 | Abomination |
| 12:22 | Disease Cloud |
| 12:25 | Ziggurat |
| 12:28 | Ziggurat |
| 12:30 | Spirit Tower |
| 13:25 | Destroyer Form |
| 13:26 | Crypt Fiend |
| 13:28 | Crypt Fiend |
| 14:03 | Ghoul Frenzy |
| 14:04 | Ghoul |
| 14:17 | Frost Nova |
| 14:29 | Obsidian Statue |
| 15:25 | Improved Creature Carapace |
| 15:27 | Abomination |
| 15:29 | Crypt Fiend |
| 16:29 | Scroll of Town Portal |
| 16:35 | Orb of Corruption |
| 17:18 | Acolyte |
| 18:35 | Crypt Fiend |
| 18:38 | Obsidian Statue |
| 22:57 | Acolyte |
| 23:04 | Spirit Tower |
| 23:08 | Ziggurat |
| 23:12 | Ziggurat |
| 24:04 | Nerubian Tower |
| 24:07 | Spirit Tower |
| 24:28 | Altar of Darkness |
| 24:32 | Gargoyle |
| 24:44 | Death Coil |
| 25:06 | Frost Armor |
| 25:23 | Gargoyle |
| 27:31 | Crypt Fiend |
| 27:34 | Abomination |
| 28:19 | Frost Nova |
| Right click | 426 |
| Select | 372 |
| Misc. action | 194 |
| Select group | 190 |
| Build/train/purchase | 87 |
| Use ability | 32 |
| Assign group | 17 |
| Minimap ping | 9 |
| Resource trade | 7 |
| Item give/drop | 3 |


| Scroll of Regeneration | 1 | 100 |
| Lesser Clarity Potion | 1 | 70 |
| Scroll of Healing | 1 | 250 |
| Circlet of Nobility | 1 | 175 |
| Scroll of the Beast | 1 | 400 |
| total: | 5 | 995g |
| Peasant | 11 | 825 | / | 0 |
| Footman | 13 | 1755 | / | 0 |
| Sorceress | 3 | 465 | / | 60 |
| Priest | 5 | 675 | / | 50 |
| Spell Breaker | 3 | 645 | / | 90 |
| Mortar Team | 10 | 1800 | / | 700 |
| Rifleman | 7 | 1435 | / | 210 |
| Flying Machine | 1 | 100 | / | 30 |
| Ogre Mauler | 1 | 300 | / | 0 |
| total: | 54 | 8000g | / | 1140w |
| Scout Tower | 6 | 180 | / | 120 |
| Guard Tower | 5 | 350 | / | 250 |
| Barracks | 1 | 160 | / | 60 |
| Altar of Kings | 2 | 360 | / | 100 |
| Farm | 9 | 720 | / | 180 |
| Arcane Vault | 1 | 130 | / | 30 |
| Lumber Mill | 1 | 120 | / | 0 |
| Blacksmith | 1 | 140 | / | 60 |
| Town Hall | 3 | 1155 | / | 615 |
| Arcane Sanctum | 2 | 300 | / | 280 |
| Workshop | 1 | 140 | / | 140 |
| Keep | 1 | 320 | / | 210 |
| total: | 27 | 3405g | / | 1585w |
| 0:13 | Peasant |
| 0:16 | Barracks |
| 0:21 | Altar of Kings |
| 0:23 | Peasant |
| 0:31 | Farm |
| 0:52 | Peasant |
| 1:07 | Peasant |
| 1:20 | Footman |
| 1:34 | Footman |
| 1:43 | Farm |
| 1:59 | Footman |
| 2:13 | Arcane Vault |
| 2:18 | Peasant |
| 2:26 | Footman |
| 2:30 | Summon Water Elemental |
| 2:59 | Peasant |
| 3:01 | Farm |
| 3:27 | Footman |
| 3:34 | Farm |
| 3:51 | Footman |
| 3:55 | Scroll of Regeneration |
| 3:56 | Lesser Clarity Potion |
| 4:14 | Keep |
| 4:15 | Footman |
| 4:27 | Brilliance Aura |
| 4:51 | Footman |
| 5:04 | Footman |
| 5:07 | Farm |
| 5:45 | Footman |
| 5:48 | Farm |
| 6:03 | Summon Water Elemental |
| 6:15 | Scroll of the Beast |
| 6:22 | Footman |
| 7:07 | Arcane Sanctum |
| 7:08 | Arcane Sanctum |
| 7:27 | Peasant |
| 7:45 | Footman |
| 7:52 | Peasant |
| 7:57 | Lumber Mill |
| 8:06 | Footman |
| 8:24 | Ogre Mauler |
| 8:38 | Flame Strike |
| 8:50 | Sorceress |
| 8:52 | Priest |
| 9:16 | Blacksmith |
| 9:20 | Spell Breaker |
| 9:38 | Circlet of Nobility |
| 10:08 | Town Hall |
| 10:38 | Spell Breaker |
| 10:42 | Siphon Mana |
| 11:12 | Workshop |
| 11:18 | Sorceress |
| 11:19 | Sorceress |
| 12:10 | Scroll of Healing |
| 12:23 | Peasant |
| 12:23 | Peasant |
| 12:27 | Mortar Team |
| 12:36 | Spell Breaker |
| 13:05 | Mortar Team |
| 13:09 | Farm |
| 13:24 | Brilliance Aura |
| 13:51 | Mortar Team |
| 14:09 | Priest |
| 14:39 | Mortar Team |
| 16:19 | Farm |
| 16:20 | Farm |
| 16:58 | Mortar Team |
| 17:08 | Town Hall |
| 17:17 | Rifleman |
| 17:22 | Priest |
| 17:24 | Mortar Team |
| 17:28 | Peasant |
| 18:30 | Mortar Team |
| 19:38 | Town Hall |
| 21:43 | Scout Tower |
| 22:18 | Guard Tower |
| 22:41 | Rifleman |
| 22:44 | Priest |
| 22:55 | Mortar Team |
| 23:06 | Scout Tower |
| 23:07 | Scout Tower |
| 23:08 | Scout Tower |
| 23:12 | Scout Tower |
| 23:15 | Rifleman |
| 23:35 | Guard Tower |
| 23:39 | Guard Tower |
| 23:43 | Guard Tower |
| 23:46 | Guard Tower |
| 24:03 | Rifleman |
| 24:05 | Mortar Team |
| 24:27 | Altar of Kings |
| 24:31 | Rifleman |
| 24:41 | Mortar Team |
| 24:53 | Priest |
| 24:56 | Rifleman |
| 25:15 | Scout Tower |
| 25:37 | Rifleman |
| 25:42 | Flying Machine |
| Right click | 733 |
| Select | 345 |
| Build/train/purchase | 127 |
| Select group | 109 |
| Assign group | 30 |
| Use ability | 27 |
| Resource trade | 16 |
| Minimap ping | 4 |
| Item give/drop | 1 |
| Remove unit | 1 |
| Esc | 1 |
72 units @ 7.8k
/ 1.5k
74 buildings @ 5.3k
/ 2.3k



| Scroll of Regeneration | 1 | 100 |
| Boots of Speed | 2 | 500 |
| total: | 3 | 600g |
| Peasant | 9 | 675 | / | 0 |
| Footman | 2 | 270 | / | 0 |
| Flying Machine | 32 | 3200 | / | 960 |
| Dragonhawk Rider | 7 | 1400 | / | 210 |
| Mortar Team | 5 | 900 | / | 350 |
| total: | 55 | 6445g | / | 1520w |
| Scout Tower | 15 | 450 | / | 300 |
| Guard Tower | 9 | 630 | / | 450 |
| Arcane Tower | 1 | 70 | / | 50 |
| Altar of Kings | 1 | 180 | / | 50 |
| Farm | 13 | 1040 | / | 260 |
| Barracks | 2 | 320 | / | 120 |
| Lumber Mill | 1 | 120 | / | 0 |
| Blacksmith | 1 | 140 | / | 60 |
| Arcane Vault | 1 | 130 | / | 30 |
| Cannon Tower | 1 | 120 | / | 100 |
| Workshop | 2 | 280 | / | 280 |
| Gryphon Aviary | 1 | 140 | / | 150 |
| Keep | 1 | 320 | / | 210 |
| Castle | 1 | 360 | / | 210 |
| total: | 37 | 2800g | / | 1250w |
| 0:02 | Peasant |
| 0:02 | Peasant |
| 0:05 | Altar of Kings |
| 0:12 | Farm |
| 0:12 | Farm |
| 0:18 | Peasant |
| 0:34 | Peasant |
| 0:44 | Barracks |
| 0:48 | Barracks |
| 0:51 | Farm |
| 0:52 | Peasant |
| 1:05 | Lumber Mill |
| 1:18 | Peasant |
| 1:18 | Peasant |
| 1:32 | Peasant |
| 1:38 | Farm |
| 1:47 | Peasant |
| 1:54 | Footman |
| 2:07 | Improved Lumber Harvesting |
| 2:17 | Footman |
| 2:29 | Scout Tower |
| 2:31 | Farm |
| 2:39 | Storm Bolt |
| 3:11 | Keep |
| 4:00 | Scout Tower |
| 4:01 | Scout Tower |
| 4:02 | Guard Tower |
| 4:27 | Blacksmith |
| 4:29 | Guard Tower |
| 4:32 | Scout Tower |
| 4:33 | Scout Tower |
| 4:46 | Improved Masonry |
| 5:03 | Arcane Tower |
| 5:07 | Guard Tower |
| 5:09 | Scout Tower |
| 5:11 | Scout Tower |
| 5:25 | Scroll of Regeneration |
| 5:33 | Castle |
| 5:46 | Workshop |
| 5:47 | Workshop |
| 5:50 | Guard Tower |
| 6:29 | Guard Tower |
| 6:55 | Flying Machine |
| 6:56 | Flying Machine |
| 6:59 | Scout Tower |
| 7:02 | Scout Tower |
| 7:04 | Black Gunpowder |
| 7:05 | Flying Machine |
| 7:05 | Flying Machine |
| 7:24 | Flying Machine |
| 7:27 | Flak Cannons |
| 7:30 | Farm |
| 7:44 | Holy Light |
| 8:14 | Bash |
| 8:17 | Bash |
| 8:19 | Flying Machine |
| 8:21 | Refined Gunpowder |
| 8:23 | Guard Tower |
| 8:24 | Advanced Masonry |
| 8:42 | Iron Plating |
| 8:48 | Scout Tower |
| 8:51 | Scout Tower |
| 8:52 | Scout Tower |
| 9:24 | Boots of Speed |
| 9:24 | Boots of Speed |
| 9:43 | Devotion Aura |
| 9:45 | Divine Shield |
| 9:56 | Flying Machine |
| 9:56 | Flying Machine |
| 9:56 | Flying Machine |
| 9:57 | Flying Machine Bombs |
| 9:59 | Imbued Masonry |
| 10:28 | Farm |
| 10:28 | Farm |
| 10:30 | Cannon Tower |
| 10:41 | Gryphon Aviary |
| 11:05 | Guard Tower |
| 11:14 | Flying Machine |
| 11:14 | Flying Machine |
| 11:14 | Flying Machine |
| 11:14 | Flying Machine |
| 11:28 | Farm |
| 11:52 | Imbued Gunpowder |
| 12:10 | Scout Tower |
| 12:11 | Scout Tower |
| 12:12 | Scout Tower |
| 12:15 | Arcane Vault |
| 12:51 | Guard Tower |
| 12:59 | Flying Machine |
| 13:10 | Flying Machine |
| 13:10 | Flying Machine |
| 13:11 | Flying Machine |
| 13:11 | Flying Machine |
| 13:12 | Flying Machine |
| 13:12 | Flying Machine |
| 13:14 | Cloud |
| 13:14 | Dragonhawk Rider |
| 13:14 | Dragonhawk Rider |
| 13:15 | Dragonhawk Rider |
| 13:23 | Steel Plating |
| 13:48 | Flying Machine |
| 13:50 | Guard Tower |
| 13:55 | Farm |
| 14:03 | Farm |
| 14:47 | Farm |
| 15:06 | Mortar Team |
| 15:07 | Mortar Team |
| 17:00 | Storm Bolt |
| 17:27 | Flare |
| 17:29 | Mortar Team |
| 18:43 | Flying Machine |
| 18:44 | Flying Machine |
| 18:44 | Flying Machine |
| 18:44 | Flying Machine |
| 18:52 | Dragonhawk Rider |
| 19:36 | Flying Machine |
| 19:37 | Flying Machine |
| 20:48 | Brilliance Aura |
| 24:47 | Dragonhawk Rider |
| 24:47 | Dragonhawk Rider |
| 24:47 | Dragonhawk Rider |
| 24:49 | Flying Machine |
| 24:49 | Flying Machine |
| 24:49 | Flying Machine |
| 24:49 | Flying Machine |
| 24:52 | Flying Machine |
| 25:49 | Farm |
| 27:32 | Mortar Team |
| 27:32 | Mortar Team |
| 28:49 | Divine Shield |
| Right click | 2408 |
| Select group | 2044 |
| Select | 446 |
| Build/train/purchase | 106 |
| Assign group | 31 |
| Misc. action | 28 |
| Use ability | 18 |
| Minimap ping | 14 |
| Item give/drop | 3 |
| Remove unit | 2 |
DudeWhy
(236)
(28:59) : 


| Ivory Tower | 7 | 280 |
| Mechanical Critter | 2 | 100 |
| total: | 9 | 380g |
| Peasant | 15 | 1125 | / | 0 |
| Footman | 2 | 270 | / | 0 |
| total: | 17 | 1395g | / | 0w |
| Scout Tower | 25 | 750 | / | 500 |
| Arcane Tower | 1 | 70 | / | 50 |
| Guard Tower | 12 | 840 | / | 600 |
| Altar of Kings | 1 | 180 | / | 50 |
| Farm | 3 | 240 | / | 60 |
| Barracks | 1 | 160 | / | 60 |
| Lumber Mill | 1 | 120 | / | 0 |
| Arcane Vault | 5 | 650 | / | 150 |
| Town Hall | 1 | 385 | / | 205 |
| Keep | 1 | 320 | / | 210 |
| Castle | 1 | 360 | / | 210 |
| total: | 37 | 2485g | / | 1025w |
| 0:02 | Peasant |
| 0:07 | Peasant |
| 0:18 | Altar of Kings |
| 0:20 | Peasant |
| 0:33 | Farm |
| 0:34 | Peasant |
| 0:45 | Peasant |
| 0:58 | Peasant |
| 1:04 | Barracks |
| 1:06 | Farm |
| 1:08 | Peasant |
| 1:17 | Peasant |
| 1:30 | Lumber Mill |
| 1:32 | Peasant |
| 1:37 | Peasant |
| 1:48 | Scout Tower |
| 1:52 | Peasant |
| 2:06 | Footman |
| 2:13 | Peasant |
| 2:15 | Arcane Tower |
| 2:18 | Farm |
| 2:39 | Scout Tower |
| 2:40 | Scout Tower |
| 2:49 | Storm Bolt |
| 3:10 | Scout Tower |
| 3:53 | Arcane Vault |
| 3:55 | Keep |
| 3:56 | Guard Tower |
| 4:29 | Scout Tower |
| 4:29 | Scout Tower |
| 4:30 | Scout Tower |
| 4:44 | Arcane Vault |
| 4:50 | Improved Lumber Harvesting |
| 4:51 | Improved Masonry |
| 5:00 | Guard Tower |
| 5:32 | Guard Tower |
| 6:04 | Scout Tower |
| 6:06 | Scout Tower |
| 6:07 | Scout Tower |
| 6:08 | Scout Tower |
| 6:09 | Scout Tower |
| 6:44 | Guard Tower |
| 7:20 | Guard Tower |
| 7:32 | Holy Light |
| 8:12 | Guard Tower |
| 8:23 | Advanced Lumber Harvesting |
| 8:35 | Advanced Masonry |
| 11:29 | Arcane Vault |
| 11:31 | Arcane Vault |
| 11:32 | Arcane Vault |
| 11:59 | Footman |
| 13:18 | Ivory Tower |
| 13:19 | Ivory Tower |
| 13:21 | Ivory Tower |
| 13:21 | Ivory Tower |
| 13:24 | Ivory Tower |
| 13:31 | Ivory Tower |
| 13:33 | Ivory Tower |
| 17:13 | Mechanical Critter |
| 17:17 | Mechanical Critter |
| 18:37 | Storm Bolt |
| 18:39 | Holy Light |
| 23:22 | Guard Tower |
| 23:29 | Scout Tower |
| 23:30 | Scout Tower |
| 23:31 | Scout Tower |
| 23:32 | Scout Tower |
| 23:33 | Scout Tower |
| 23:34 | Scout Tower |
| 23:34 | Scout Tower |
| 23:44 | Bash |
| 23:46 | Holy Light |
| 23:48 | Bash |
| 24:00 | Castle |
| 24:08 | Scout Tower |
| 24:09 | Scout Tower |
| 24:16 | Town Hall |
| 24:19 | Guard Tower |
| 24:26 | Scout Tower |
| 24:27 | Scout Tower |
| 24:43 | Guard Tower |
| 24:50 | Guard Tower |
| 25:21 | Guard Tower |
| 25:27 | Scout Tower |
| 25:28 | Scout Tower |
| 26:07 | Guard Tower |
| 28:23 | Summon Water Elemental |
| 28:35 | Peasant |
| 28:35 | Peasant |
| 28:35 | Peasant |
| Right click | 1279 |
| Select group | 458 |
| Select | 214 |
| Use ability | 74 |
| Misc. action | 67 |
| Resource trade | 67 |
| Build/train/purchase | 65 |
| Assign group | 8 |
| Minimap ping | 8 |
| Item give/drop | 7 |